 Dungeon Crawl Stone Soup version 0.19.4-8-ga85b6b9 (webtiles) character file.

326 Gargoyl the Skirmisher (level 6, -4/53 HPs)
             Began as a Ghoul Abyssal Knight on Feb 7, 2017.
             Was a Follower of Lugonu.
             Slain by Duvessa
             ... wielding a +0 rapier
              (13 damage)
             ... on level 5 of the Dungeon.
             The game lasted 00:05:16 (2568 turns).

Gargoyl the Skirmisher (Ghoul Abyssal Knight)       Turns: 2568, Time: 00:05:17

Health: -4/53      AC: 11    Str: 16    XL:     6   Next: 49%
Magic:  7/7        EV:  9    Int:  7    God:    Lugonu [*.....]
Gold:   151        SH:  0    Dex: 10    Spells: 0 memorised, 5 levels left

rFire  . . .     SeeInvis .     a - +1 hand axe
rCold  + . .     Gourm    .     d - +0 pearl dragon scales
rNeg   + + +     Faith    .     (no shield)
rPois  ∞         Spirit   .     (no helmet)
rElec  .         Reflect  .     (no cloak)
rCorr  .         Harm     .     (no gloves)
MR     .....                    (no boots)
Stlth  ..........               (no amulet)
                                (no ring)
                                (no ring)

@: rotting, glowing
A: rotting body, claws 1, carnivore 3, cold resistance 1, negative energy
resistance 3, slow regeneration 1, torment resistance, unbreathing
a: Depart the Abyss, Renounce Religion


You were on level 5 of the Dungeon.
You worshipped Lugonu.
Lugonu was aware of your devotion.
You were not hungry.

You visited 1 branch of the dungeon, and saw 6 of its levels.
You visited the Abyss 1 time.

You collected 151 gold pieces.

Inventory:

Hand Weapons
 a - a +1 hand axe (weapon)
Armour
 d - +0 pearl dragon scales (worn)
Jewellery
 e - an uncursed ring of stealth {unknown}
Wands
 b - a wand of lightning (10/15)
Scrolls
 f - a scroll of magic mapping
 h - a scroll of fog {unknown}
 j - 3 scrolls of identify
Potions
 g - a potion of cancellation
Comestibles
 c - 4 meat rations
 k - a royal jelly
 l - a chunk of flesh


   Skills:
 + Level 4.4 Fighting
 + Level 3.8 Axes
 * Level 3.2 Armour
 + Level 1.7 Dodging
 * Level 3.3 Invocations


You had 5 spell levels left.
You didn't know any spells.

Dungeon Overview and Level Annotations

Branches:
Dungeon (6/15)
 Temple: D:4-7

Altars:
Hepliaklqana
Xom

Annotations:
D:3 notexistence's ghost, amateur HuBe
D:4 Lennu's ghost, amateur DsGl
D:5 Duvessa


Innate Abilities, Weirdness & Mutations

Your body is rotting away.
You thrive on raw meat.
You are immune to poison.
You have sharp fingernails.
You are carnivorous and can eat meat at any time.
Your flesh is cold resistant. (rC+)
You are immune to negative energy. (rN+++)
You regenerate slowly when monsters are visible.
You are immune to unholy pain and torment.
You can survive without breathing.


Message History

Duvessa weeps, then rights herself and shakes her weapon.
Duvessa goes berserk!
Duvessa hits you with a rapier!
* * * LOW HITPOINT WARNING * * *
Unknown command.
Okay, then.
Unknown command.
It was a potion of curing.
You feel better. Duvessa hits you but does no damage.
Duvessa barely misses you.
You closely miss Duvessa.
Duvessa is severely wounded.
Duvessa barely misses you.
You closely miss Duvessa.
Duvessa is severely wounded.
Duvessa hits you with a rapier!
* * * LOW HITPOINT WARNING * * *
Duvessa hits you but does no damage.
You hit Duvessa.
Duvessa is severely wounded.
Duvessa hits you with a rapier!
You die...

..e...#.......#...#
....?###.....##...#
##...##...###
#..######....#.#
.............#.#
#...####.......# #
.#####..#..#.#####
.......#.#..e......
.......#.#)@#.#####
............#.#
.........(..# #
#...###.....# #...
#.....# #.. #.....#
#.....# #####.# #.#


You could see Duvessa (berserk).

Vanquished Creatures
  Eustachio (D:5)
  Dowan (D:5)
  A worker ant (D:5)
  An orc wizard (D:6)
  2 adders (D:2)
  2 shadow imps (D:5)
  2 oozes (D:1)
  A worm (D:2)
  A dart slug (D:2)
  3 orcs (D:6)
  2 ball pythons
  2 bats (D:1)
  2 giant cockroaches (D:1)
  10 goblins
  5 hobgoblins
  A quokka (D:2)
  5 frilled lizards
  A kobold (D:1)
  5 rats
48 creatures vanquished.

Vanquished Creatures (others)
  An orc wizard (D:5)
1 creature vanquished.

Grand Total: 49 creatures vanquished

Notes
Turn   | Place    | Note
-------+----------+-------------------------------------------
     0 | Abyss:1  | Gargoyl the Ghoul Abyssal Knight began the quest for the Orb.
     0 | Abyss:1  | Reached XP level 1. HP: 19/19 MP: 1/1
    38 | Abyss:1  | Found a bloodstained altar of Trog.
    77 | Abyss:1  | Noticed an ice beast
   145 | Abyss:1  | Noticed a blink frog
   147 | Abyss:1  | Noticed a quasit
   147 | D:1      | Escaped the Abyss
   205 | D:1      | Reached * piety under Lugonu
   287 | D:1      | Reached XP level 2. HP: 24/26 MP: 2/2
   428 | D:1      | Reached skill level 1 in Dodging
   552 | D:1      | Reached XP level 3. HP: 32/33 MP: 3/3
   743 | D:2      | Found a faded altar of an unknown god.
   743 | D:2      | Found a faded altar of an unknown god.
   858 | D:2      | Reached skill level 4 in Fighting
   909 | D:2      | Reached XP level 4. HP: 34/40 MP: 4/4
  1441 | D:2      | Found a faded altar of an unknown god.
  1443 | D:2      | Found a faded altar of an unknown god.
  1444 | D:2      | Found a shimmering altar of Xom.
  1484 | D:3      | Found a hazy altar of Hepliaklqana.
  1539 | D:3      | Noticed notexistence's ghost (amateur HuBe)
  1615 | D:4      | Noticed Lennu's ghost (amateur DsGl)
  1619 | D:4      | Noticed an orc warrior
  1619 | D:5      | Entered Level 5 of the Dungeon
  1855 | D:5      | Noticed Eustachio
  1897 | D:5      | Killed Eustachio
  1897 | D:5      | Reached XP level 5. HP: 28/47 MP: 4/6
  2028 | D:5      | Reached XP level 6. HP: 52/52 MP: 7/7
  2184 | D:5      | Noticed Duvessa
  2184 | D:5      | Noticed Dowan
  2564 | D:5      | Killed Dowan
  2568 | D:5      | Slain by Duvessa

Skill      XL: |  1  2  3  4  5 |
---------------+----------------+-----
Armour         | 2 3 |  3.2
Dodging        | 1 |  1.7
Axes           | 2 3 |  3.8
Fighting       | 4 |  4.4
Invocations    | 3 |  3.3

Action                   |  1- 3 |  4- 6 || total
-------------------------+-------+-------++-------
Melee: Hand axe          |   104 |   137 ||   241
Invok: Depart the Abyss  |     1 |       ||     1
  Use: Scroll            |       |     3 ||     3
       Potion            |       |     3 ||     3
  Eat: Chunk             |     6 |     7 ||    13
Armor: Pearl dragon scal |    85 |   122 ||   207
Dodge: Dodged            |    57 |   117 ||   174
